 Dungeon Crawl Stone Soup version 0.19.5 (webtiles) character file.

200 JustSomeDude the Skirmisher (level 5, -9/63 HPs)
             Began as a Demonspawn Fighter on Mar 27, 2017.
             Killed by divine providence
             ... invoked by an orc priest
              (10 damage)
             ... on level 3 of the Dungeon on Apr 4, 2017.
             The game lasted 00:09:27 (1685 turns).

JustSomeDude the Skirmisher (Demonspawn Fighter)    Turns: 1685, Time: 00:09:30

Health: -9/63      AC: 22    Str: 16    XL:     5   Next: 49%
Magic:  5/5        EV:  2    Int:  9    God:
Gold:   174        SH:  9    Dex: 14    Spells: 0 memorised, 4 levels left

rFire  . . .     SeeInvis .     a - +0 war axe
rCold  . . .     Gourm    .     (armour currently unavailable)
rNeg   + + +     Faith    .     c - +0 shield
rPois  +         Spirit   .     (helmet currently unavailable)
rElec  .         Reflect  .     (cloak currently unavailable)
rCorr  .         Harm     +     (gloves currently unavailable)
MR     .....     NoTele   +     (boots currently unavailable)
Stlth  +.........               q - amulet of harm
                                (no ring)
                                (no ring)

@: tree-form
A: (claws 0), (cold resistance 0), (sanguine armour 0)
a: no special abilities


You were on level 3 of the Dungeon.
You were not hungry.
You were a tree.
You visited 1 branch of the dungeon, and saw 3 of its levels.

You collected 174 gold pieces.

Inventory:

Hand Weapons
 a - a +0 war axe (weapon)
Missiles
 o - 8 tomahawks (quivered)
Armour
 c - a +0 shield (worn)
 i - a +1 scale mail of poison resistance (melded)
 k - a +0 hat (melded)
Jewellery
 q - an amulet of harm (around neck)
Wands
 m - a wand of polymorph (12/24)
Scrolls
 e - 2 scrolls of identify {unknown}
 p - a scroll of recharging {unknown}
 r - a scroll of remove curse {unknown}
Potions
 d - a potion of might
 j - 2 potions of resistance
 n - a potion of lignification
Comestibles
 f - 2 bread rations
 g - a slice of pizza
 h - 9 chunks of flesh


   Skills:
 + Level 3.8 Fighting
 + Level 3.2 Axes
 + Level 3.2 Armour
 + Level 1.0 Dodging
 + Level 3.7 Shields


You had 4 spell levels left.
You didn't know any spells.

Dungeon Overview and Level Annotations

Branches:
Dungeon (3/15)

Altars:
Uskayaw


Innate Abilities, Weirdness & Mutations

((You have sharp fingernails.))
((Your flesh is cold resistant. (rC+)))
((When seriously injured, your bleeding wounds create thick armour. (AC +0)))


Message History

The orc priest barely misses you. The orc hits you but does no damage.
You closely miss the orc priest.
The orc priest is moderately wounded.
You slash the orc!
You kill the orc!
You block the orc priest's attack. The orc priest hits you with a whip.
You hit the orc priest.
The orc priest is heavily wounded.
The orc priest mumbles some strange prayers to Beogh against you.
Beogh smites you!
* * * LOW HITPOINT WARNING * * *
You are too injured to fight recklessly!
You are too injured to fight recklessly!
You turn into a tree.
Your +0 hat melds into your body.
Your +1 scale mail of poison resistance melds into your body.
Your roots penetrate the ground.
Your blood armour dries and flakes away.
The orc priest mumbles some strange prayers to Beogh against you.
Beogh smites you!
You die...

.......##......
#.......#......
#.......#....#
#......?.....#
#..?........#
#..<.!......#
#...........#
#....)♣..#.# .# #.
##..#o##.#.# .##...
# ... #.#.##.#.....
#.#####'#..........
# #.............
#.............
#.......<.....
##+#..........
#.............


You could see an orc priest.

Vanquished Creatures
  The ghost of SirLoin the Skirmisher, an amateur MiFi (D:3)
  4 adders (D:2)
  6 worms
  3 dart slugs (D:1)
  A leopard gecko (D:1)
  6 orcs (D:3)
  A ball python (D:2)
  3 giant cockroaches
  8 goblins
  4 hobgoblins
  2 quokkas (D:2)
  4 bats
  A frilled lizard (D:2)
  2 kobolds (D:3)
  3 rats
49 creatures vanquished.

Notes
Turn   | Place    | Note
-------+----------+-------------------------------------------
     0 | D:1      | JustSomeDude the Demonspawn Fighter began the quest for the Orb.
     0 | D:1      | Reached XP level 1. HP: 18/18 MP: 1/1
   108 | D:1      | Gained mutation: You have sharp fingernails. [demonic ancestry]
   108 | D:1      | Reached XP level 2. HP: 21/24 MP: 2/2
   779 | D:2      | Gained mutation: Your flesh is cold resistant. (rC+) [demonic ancestry]
   779 | D:2      | Reached XP level 3. HP: 21/29 MP: 3/3
   972 | D:2      | Found a hide-covered altar of Uskayaw.
  1013 | D:2      | Gained mutation: When seriously injured, your bleeding wounds create armour. (AC +0) [demonic ancestry]
  1013 | D:2      | Reached XP level 4. HP: 28/36 MP: 4/4
  1444 | D:3      | Noticed SirLoin's ghost (amateur MiFi)
  1477 | D:3      | Killed SirLoin's ghost
  1477 | D:3      | Reached skill level 1 in Dodging
  1477 | D:3      | Gained mutation: When seriously injured, your bleeding wounds create thick armour. (AC +0) [demonic ancestry]
  1477 | D:3      | Reached XP level 5. HP: 13/42 MP: 5/5
  1684 | D:3      | HP: 1/42 [orc priest/divine providence (14)]
  1685 | D:3      | Killed from afar by an orc priest

Skill      XL: |  1  2  3  4 |
---------------+-------------+-----
Shields        | 3 |  3.7
Axes           | 2 3 |  3.2
Armour         | 3 |  3.2
Dodging        | 1 |  1.0
Fighting       | |  3.8

Action                   |  1- 3 |  4- 6 || total
-------------------------+-------+-------++-------
Melee: War axe           |   106 |    74 ||   180
  Use: Potion            |       |     7 ||     7
  Eat: Chunk             |     1 |     2 ||     3
Armor: Scale mail        |    62 |    33 ||    95
       Skin              |       |    10 ||    10
Dodge: Dodged            |    29 |    32 ||    61
Block: Shield            |    50 |    40 ||    90
